 Dungeon Crawl Stone Soup version 0.29-a0-330-g52719c12eb (webtiles) character file.

Game seed: 11898123463598069347

518 Crownlay the Sneak (level 7, -7/45 HPs)
             Began as an Octopode Earth Elementalist on May 24, 2022.
             Mangled by a two-headed ogre
             ... wielding a +0 dire flail
              (10 damage)
             ... on level 5 of the Dungeon.
             The game lasted 00:08:52 (4949 turns).

Crownlay the Sneak (Octopode Earth Elementalist)    Turns: 4949, Time: 00:08:52

Health: -7/45      AC:  1    Str:  7    XL:     7   Next: 21%
Magic:  9/13       EV: 13    Int: 20    God:
Gold:   150        SH:  0    Dex: 12    Spells: 11/15 levels left

rFire   + . .      SeeInvis +   i - staff of earth
rCold   . . .      Faith    .   (no shield)
rNeg    . . .      Spirit   .   (helmet restricted)
rPois   .          Reflect  .   (no amulet)
rElec   .          Harm     .   r - ring of see invisible
rCorr   .          Rampage  .   u - ring of protection from fire
Will    .....                   (no ring)
Stlth   ++++......              (no ring)
HPRegen 0.15/turn               (no ring)
MPRegen 0.13/turn               (no ring)
                                (no ring)
                                (no ring)

@: no status effects
A: almost no armour, amphibious, 8 rings, camouflage 1, gelatinous body 1,
(nimble swimmer 1), tentacles
a: no special abilities


You were on level 5 of the Dungeon.
You visited 1 branch of the dungeon, and saw 5 of its levels.

You collected 150 gold pieces.

Inventory:

Hand Weapons
 n - a +1 dagger
Missiles
 a - 22 stones
 o - 2 throwing nets
Magical Staves
 i - a staff of earth (weapon)
Jewellery
 r - a ring of see invisible (left tentacle)
 u - a ring of protection from fire (right tentacle)
 z - a ring of fire
Wands
 s - a wand of iceblast (11)
 t - a wand of polymorph (9)
Scrolls
 d - 3 scrolls of enchant weapon
 f - 2 scrolls of silence
 g - 4 scrolls of amnesia
 k - 2 scrolls of identify
 l - a scroll of blinking {unknown}
 p - a scroll of enchant armour {unknown}
 q - 2 scrolls of teleportation
 v - a scroll of fog {unknown}
 w - a scroll of torment {unknown}
 x - a scroll of summoning {unknown}
 y - a scroll of holy word {unknown}
 B - a scroll of noise {unknown}
 C - a scroll of immolation {unknown}
Potions
 b - a potion of magic
 c - 2 potions of heal wounds
 e - a potion of might {unknown}
 h - a potion of ambrosia {unknown}
 j - 3 potions of brilliance {unknown}
 m - 3 potions of haste {unknown}
 A - 2 potions of curing {unknown}


   Skills:
 + Level 2.4 Fighting
 + Level 3.2 Dodging
 + Level 4.8 Stealth
 * Level 4.6 Spellcasting
 - Level 1.0 Transmutations
 + Level 4.3 Earth Magic


You had 11 spell levels left.
You knew the following spells:

 Your Spells              Type           Power      Damage    Failure   Level
a - Sandblast             Erth           66%        2d15      1%          1
b - Stone Arrow           Conj/Erth      40%        3d9       14%         3

Your spell library contained the following spells:

 Spells                   Type           Power      Damage    Failure   Level
 Passwall                 Tmut/Erth      19%        N/A       6%          2
 Summon Small Mammal      Summ           16%        N/A       12%         1
 Blink                    Tloc           8%         N/A       19%         2
 Call Canine Familiar     Summ           4%         N/A       36%         3
 Lesser Beckoning         Tloc           4%         N/A       36%         3
 Summon Guardian Golem    Hex/Summ       4%         N/A       36%         3
 Petrify                  Tmut/Erth      23%        N/A       36%         4
 Manifold Assault         Tloc           4%         N/A       98%         5


Dungeon Overview and Level Annotations

Branches:
Dungeon (5/15)
 Temple: D:4-7

Altars:


Innate Abilities, Weirdness & Mutations

You cannot wear most types of armour.
You are amphibious.
You can wear up to eight rings at the same time.
Your skin changes colour to match your surroundings (Stealth+).
Your rubbery body absorbs attacks. (AC +1, EV +1)
((You are camouflaged when in or above water. (Stealth+)))
You have tentacles for arms and can constrict up to eight enemies at once.


Message History

The ufetubus shouts!
The ufetubus barely misses you. The ufetubus closely misses you.
The ufetubus attacks as you move away! The ufetubus completely misses you.
The ufetubus hits you. The ufetubus closely misses you. The ufetubus hits you.
The ufetubus barely misses you. The ufetubus hits you.
The ufetubus attacks as you move away! The ufetubus completely misses you.
The ufetubus hits you. The ufetubus attacks as you move away!
The ufetubus barely misses you. The ufetubus closely misses you.
The ufetubus hits you. x2
The ufetubus attacks as you move away! The ufetubus hits you. x2
Casting: Sandblast (safe; 1% risk of failure)
Confirm with . or Enter, or press ? or * to list all spells.
Aiming: Sandblast (safe; 1% risk of failure)
Press: ? - help, Shift-Dir - straight line, f - ufetubus, p - hound
Aim: an ufetubus (70% to hit)
You feel a surge of power!
The blast of sand misses the ufetubus.
The blast of sand hits the two-headed ogre!!
The two-headed ogre is heavily wounded.
The ufetubus closely misses you. The ufetubus barely misses you.
Casting: Sandblast (safe; 1% risk of failure)
Confirm with . or Enter, or press ? or * to list all spells.
Aiming: Sandblast (safe; 1% risk of failure)
Press: ? - help, Shift-Dir - straight line, f/p - ufetubus
Aim: an ufetubus (70% to hit)
You feel a surge of power!
The blast of sand hits the two-headed ogre!
The two-headed ogre is severely wounded.
The acid dragon roars!
You hear an angry hiss.
Casting: Sandblast (safe; 1% risk of failure)
Confirm with . or Enter, or press ? or * to list all spells.
Aiming: Sandblast (safe; 1% risk of failure)
Press: ? - help, Shift-Dir - straight line, f/p - ufetubus
Aim: an ufetubus (70% to hit)
You feel a surge of power!
The blast of sand hits the two-headed ogre.
The two-headed ogre is almost dead.
The two-headed ogre hits you with a +0 dire flail!
* * * LOW HITPOINT WARNING * * *
The two-headed ogre hits you with a +0 giant spiked club!
You die...

##.# # ... #.# #.#
#...##.######..##...
#......<.....##...#
#...##.#######.##...# #..#
#..............# #..#
###......>##.#.# #..#
#@########.#.# #..# #O#
##.###.#.# #..#
#5###.#.##.#.# .
#..#####h##.###.#.#.## .#
#..S.h..S..## ##...#.## ..
#.######.##.###...###.# #..
#.# #D###.#.##..#.## #.####
#h######.####.###.#.##
##....###.................###


You could see a two-headed ogre, a water moccasin, an acid dragon, a hound and
an ufetubus.

Vanquished Creatures
  A centaur (D:4)
  A necrophage (D:4)
  A scorpion (D:5)
  A howler monkey (D:4)
  A hound (D:4)
  Crazy Yiuf (D:3)
  An iguana (D:4)
  An orc wizard (D:5)
  10 adders
  3 worms (D:2)
  A dart slug (D:4)
  8 orcs
  8 ball pythons
  7 bats
  7 endoplasms
  2 giant cockroaches
  4 goblins
  3 hobgoblins
  4 jackals (D:4)
  4 frilled lizards
  7 kobolds
  3 rats
79 creatures vanquished.

Vanquished Creatures (others)
  3 plants (D:4)
3 creatures vanquished.

Grand Total: 82 creatures vanquished

Notes
Turn   | Place    | Note
-------+----------+-------------------------------------------
     0 | D:1      | Crownlay the Octopode Earth Elementalist began the quest
                  | for the Orb.
     0 | D:1      | Reached XP level 1. HP: 11/11 MP: 3/3
   329 | D:1      | Reached XP level 2. HP: 10/17 MP: 0/5
  1050 | D:2      | Reached XP level 3. HP: 16/21 MP: 7/7
  1631 | D:2      | Found a faded altar of an unknown god.
  1857 | D:2      | Reached XP level 4. HP: 27/27 MP: 8/8
  1877 | D:2      | Learned a level 3 spell: Stone Arrow
  2658 | D:3      | Reached skill level 1 in Fighting
  3270 | D:3      | Found a runed translucent door.
  3271 | D:3      | Noticed Crazy Yiuf
  3400 | D:3      | Killed Crazy Yiuf
  3401 | D:3      | Reached XP level 5. HP: 33/33 MP: 10/10
  3467 | D:4      | Noticed a centaur
  3488 | D:4      | Killed a centaur
  3489 | D:4      | Reached XP level 6. HP: 19/39 MP: 2/12
  4699 | D:4      | Identified a scroll of acquirement
  4731 | D:5      | Entered Level 5 of the Dungeon
  4742 | D:5      | Reached XP level 7. HP: 30/45 MP: 3/13
  4861 | D:5      | Acquired a staff of earth
  4924 | D:5      | Noticed a two-headed ogre
  4949 | D:5      | Mangled by a two-headed ogre

Illustrated notes

Levels and vault maps discovered:
D:1:      onia_arrival_pentagram, layout_basic
D:2:      layout_basic, chequers_ecumenical_altar_grove, st_stairs_6,
          chequers_serial_rivers_small_b
D:3:      layout_loops_ring, uniq_crazy_yiuf_cottage
D:4:      layout_loops_ring, saegor_snake_ambush
D:5:      layout_loops_ring, lemuel_tele_altar,
          minmay_temple_entry_from_below_b, serial_shops, nicolae_square_shop,
          kennysheep_crisscross, minmay_manual_mess, uniq_edmund

Skill      XL: |  1  2  3  4  5  6 |
---------------+-------------------+-----
Stealth        | 3 4 |  4.8
Spellcasting   | 3 4 |  4.6
Fighting       | 1 2 |  2.4
Earth Magic    | 4 |  4.3
Dodging        | 3 |  3.2
Transmutations | |  1.0

Action                   |  1- 3 |  4- 6 |  7- 9 || total
-------------------------+-------+-------+-------++-------
Melee: Unarmed           |    11 |       |       ||    11
       Dagger            |    43 |    41 |       ||    84
       Tentacles         |    16 |    10 |       ||    26
       Constrict         |    11 |    11 |       ||    22
       Punch             |     1 |     1 |       ||     2
 Cast: Sandblast         |    20 |    67 |     9 ||    96
  Use: Potion            |     1 |     1 |       ||     2
       Scroll            |       |     5 |     1 ||     6
 Stab: Sleeping          |    10 |     3 |       ||    13
Armor: Skin              |     5 |     7 |       ||    12
Dodge: Dodged            |    47 |    51 |    15 ||   113

Table legend: (Time is in decaauts)
 A = Elapsed time spent in this place.
 B = Non-inter-level travel time spent in this place.
 C = Inter-level travel time spent in this place.
 D = Time resting spent in this place.
 E = Time spent auto-exploring this place.
 F = Levels seen in this place.
 G = Mean time per level.
                   A        B        C        D        E       F      G
               +--------+--------+--------+--------+--------+-----+--------+
         Total |   4946 |   4856 |     90 |      0 |   4316 |   5 |  989.2 |
       Dungeon |   4946 |   4856 |     90 |      0 |   4316 |   5 |  989.2 |
               +--------+--------+--------+--------+--------+-----+--------+

Top non-repeatable levels by time:
     D:2: 1398 daAuts
     D:3: 1259 daAuts
     D:4: 1062 daAuts
     D:1: 1009 daAuts
     D:5: 217 daAuts
